[Event "Betsys MČR v online bleskovém šachu 2021"]
[Site "Chess.com"]
[Date "2021.04.17"]
[Round "12"]
[White "PetrVelicka"]
[Black "Trener-Pokrocili"]
[Result "1-0"]
[WhiteElo "2377"]
[BlackElo "2266"]
[TimeControl "180+1"]
[EndTime "11:02:02 PDT"]
[Termination "Uživatel PetrVelicka zvítězil na čas"]

1. e4 g6 2. d4 Bg7 3. c3 d5 4.
Nd2 e5 5. dxe5 Bxe5 6. Ngf3 Bg7 7. exd5 Qxd5 8. Bc4 Qd8 9. O-O Ne7 10. Qb3 O-O 11. Ng5 Qe8 12. Ndf3 h6 13. Ne4 Nbc6 14. Qd1 Bg4 15.
Be2 Rd8 16. Ned2 Qd7 17. h3 Bf5 18. Nb3 Qxd1 19. Rxd1 Rxd1+ 20. Bxd1 Rd8 21. Be3 b6 22. Be2 Nd5 23. Bd2 Nf6 24. Bf4 Ne8 25. Be3 Nd6 26.
Nbd4 Nxd4 27. Nxd4 Be4 28. f3 Bb7 29. Kf2 c5 30.
Nb5 Nxb5 31. Bxb5 h5 32. h4 Bf6 33. g3 Bd5 34. a4 a5 35. Bf4 Bb3 36. Re1 Rc8 37.
Bd6 Kg7 38. Be7 Be6 39. Bxf6+ Kxf6 40. Rd1 Ke7 41. Ke3 Rd8 42. Rxd8 Kxd8 43. Kf4 f6 44. Bd3 Bf7 45. Ke4 Ke7 46. Bb5 Kd6 47. f4 Bd5+ 48.
Ke3 Bf7 49. Bd3 f5 50. Bb5 Kc7 51. Kd3 Kd6 52. Bc4 Be8 53. b3 Kc7 54. Bg8 Kd6 55.
Kc4 Kc7 56. Kd5 1-0

[Event "Betsys MČR v online bleskovém šachu 2021"]
[Site "Chess.com"]
[Date "2021.04.17"]
[Round "12"]
[White "petrgnojek"]
[Black "Trickov"]
[Result "1-0"]
[WhiteElo "2289"]
[BlackElo "2402"]
[TimeControl "180+1"]
[EndTime "11:02:05 PDT"]
[Termination "Uživatel petrgnojek zvítězil na čas"]

1. d4 d5 2. c4 c6 3. Nf3 Nf6 4. Nc3 dxc4 5. a4 Bf5 6. e3 e6 7. Bxc4 Bb4 8. O-O O-O 9. Qe2 Bg6 10. Rd1 Nbd7 11. h3 Qe7 12. Bd2 a5 13. Be1 h6 14.
Bd3 Bxd3 15. Qxd3 e5 16. dxe5 Nxe5 17. Nxe5 Qxe5 18. Qd4 Qe7 19. Qc4 Rad8 20. b3 Rfe8 21. Ne2 Bxe1 22. Rxe1 Ne4 23. Nd4 c5 24. Nf3 Qd7 25.
Rac1 b6 26. Qc2 Qd3 27. Qb2 Rd5 28. Qb1 Red8 29. Qxd3 Rxd3 30. Rb1 f6 31. Rec1 Nc3 32. Rb2 Rd1+ 33. Rxd1 Rxd1+ 34. Kh2 Ne4 35. g3 Kf7 36. Kg2 Ke6 37. Rc2 g5 38. Rb2 f5 39. g4 Rd3 40.
gxf5+ Kxf5 41. Ne1 Rd1 42. Nf3 Nd6 43. Nh2 Ke4 44. Ng4 h5 45. Nf6+ Kf5 46. Nd7 Nc8 47. Nf8 Kf6 48. Nh7+ Kg6 49. Nf8+ Kf7 50. Nh7 Kg6 51. Nf8+ Kf6 52. Nh7+ Kf5 53. e4+ Kg6 54. Nf8+ Kf7 55. Nh7 1-0

[Event "Betsys MČR v online bleskovém šachu 2021"]
[Site "Chess.com"]
[Date "2021.04.17"]
[Round "12"]
[White "HonzaVykouk"]
[Black "Diamantidis_13"]
[Result "1-0"]
[WhiteElo "2683"]
[BlackElo "2451"]
[TimeControl "180+1"]
[EndTime "11:02:06 PDT"]
[Termination "Uživatel HonzaVykouk zvítězil po vzdání soupeře"]

1. e4 c6 2. c4 d5 3. cxd5 cxd5 4. exd5 Nf6 5. Qa4+ Nbd7 6. Nc3 g6 7. Bc4 Bg7 8.
d3 O-O 9. Nf3 a6 10. Qa3 Rb8 11.
Bf4 Ra8 12. O-O Nh5 13. Bg5 Nhf6 14. Rfe1 Re8 15. Rac1 h6 16. Bf4 g5 17. Be3 Rb8 18. Ba7 Ra8 19. Bd4 Rb8 20. Ne5 Nxe5 21. Bxe5 Ra8 22. Bd4 Bd7 23. Bc5 b5 24. Bb3 a5 25.
Bxe7 b4 26. Bxd8 bxa3 27. Be7 axb2 28. Rb1 Ng4 29. Na4 Bd4 30. Bc5 Bxc5 31. Nxc5 Rxe1+ 32. Rxe1 Rc8 33. d4 a4 34. Bc2 a3 35. f3 Nf6 36. Bb3 Bb5 37. Kf2 Rd8 38. Nb7 Rd7 39. Nc5 Rd6 40. Ne4 Nxe4+ 41. fxe4 Rb6 42. Ke3 Bd7 43. Bc2 Rb8 44. Kd2 Rc8 45. Re3 Bb5 46.
Rxa3 Bc4 47. Rc3 Rb8 48. Bb1 Bxa2 49. Bxa2 b1=Q 50. Bxb1 Rxb1 51. Rc8+ Kg7 52. Rc2 Rb4 53. Ke3 Kf6 54. Rc6+ Kg7 55. e5 Rb2 56. d6 Kf8 57.
Rc8+ Kg7 58. d7 Rc2 59. Rxc2 1-0

[Event "Betsys MČR v online bleskovém šachu 2021"]
[Site "Chess.com"]
[Date "2021.04.17"]
[Round "12"]
[White "Svisthorsky"]
[Black "Tomasn2003"]
[Result "1-0"]
[WhiteElo "1463"]
[BlackElo "1149"]
[TimeControl "180+1"]
[EndTime "11:02:14 PDT"]
[Termination "Uživatel Svisthorsky zvítězil na čas"]

1. d4 d5 2. c4 e5 3. dxe5 d4 4. Nf3 Nc6 5. e3 Bb4+ 6. Bd2 dxe3 7. fxe3 Bxd2+ 8. Nbxd2 Bg4 9. Be2 Bxf3 10. Nxf3 Qxd1+ 11. Rxd1 Nge7 12. O-O O-O 13. Rd7 Rac8 14. b4 Ng6 15. Ng5 Ncxe5 16. Rdd1 Rcd8 17. a3 Rxd1 18. Rxd1 b6 19.
Ra1 h6 20. Nf3 Nxf3+ 21. gxf3 Rd8 22. Ra2 Kf8 23. Kg2 Ke7 24. Kg3 Kf6 25. f4 c5 26. b5 Ne7 27. a4 Nf5+ 28. Kf2 g5 29.
fxg5+ hxg5 30. a5 Rd7 31. axb6 axb6 32. Bf3 Ke5 33. Ra6 Rd6 34. Ra7 f6 35. Bd5 Nh4 36. Rb7 Ng6 37. Ra7 f5 38. Rg7 f4 39.
exf4+ gxf4 40. Bf7 Ne7 41. Bh5 Nf5 42. Rg5 Rd2+ 43.
Ke1 Rxh2 44. Bg4 Rh1+ 45. Kf2 Rh2+ 46. Kg1 Rc2 47. Rxf5+ Kd4 48. Rxf4+ Kc3 49. Rf3+ Kb4 50. Bf5 Rxc4 51. Bd3 Rc1+ 52. Kg2 Ra1 53. Kg3 Ra3 54. Kf4 Ka5 55. Ke5 Rc3 56. Re3 Ra3 57. Ke4 Rc3 58.
Rg3 Ra3 59. Rg6 Kb4 60. Rc6 1-0

[Event "Betsys MČR v online bleskovém šachu 2021"]
[Site "Chess.com"]
[Date "2021.04.17"]
[Round "12"]
[White "pedroholly22"]
[Black "fadamos"]
[Result "1-0"]
[WhiteElo "2407"]
[BlackElo "2301"]
[TimeControl "180+1"]
[EndTime "11:02:17 PDT"]
[Termination "Uživatel pedroholly22 zvítězil po vzdání soupeře"]

1. e4 d6 2. d4 Nf6 3. Nc3 g6 4. f3 a6 5. Be3 b5 6. Qd2 Nbd7 7. g4 Nb6 8. h4 h5 9. g5 Nfd7 10. b3 Bg7 11. Nge2 Bb7 12. Rd1 c5 13. Bh3 O-O 14. Kf2 Qc7 15. Nb1 Rad8 16. c3 a5 17. Na3 Ba6 18. Rc1 Qb7 19. d5 b4 20.
Nb1 Ne5 21. c4 Qa7 22. f4 Ned7 23. f5 Ne5 24. Nf4 Bc8 25. Kg3 Kh7 26. Rhf1 a4 27. Qe2 axb3 28. axb3 Bd7 29. Nxh5 Ra8 30. Nxg7 Kxg7 31.
f6+ exf6 32. gxf6+ Kh7 33. Bxd7 Qxd7 34. Bf4 Rh8 35.
Nd2 Ra2 36. Ra1 Qa7 37. Rxa2 Qxa2 38. Bxe5 dxe5 39. Qe3 Nd7 40. Nf3 Kg8 41. Ng5 Qb2 42. Qf3 Rh5 43. Qg4 Nf8 44. Qc8 Qe2 45. Rf3 Qe1+ 46. Kg2 Rxh4 47. Rh3 Qe2+ 48. Kg3 Rg4+ 49. Qxg4 Qe1+ 50. Kh2 Qf2+ 51. Qg2 Qf4+ 52. Qg3 Qd2+ 53. Qg2 Qf4+ 54. Rg3 Qh4+ 55. Nh3 Qxf6 56. Rf3 Qh4 57. Qg3 Qh6 58. Qg5 Qh7 59. Qxe5 Qh4 60. Qg3 Qxe4 61.
Rf2 Nd7 62. Qf4 Qe7 63. d6 Qe6 64. Ng5 1-0

[Event "Betsys MČR v online bleskovém šachu 2021"]
[Site "Chess.com"]
[Date "2021.04.17"]
[Round "12"]
[White "Sunnika"]
[Black "Michelangelo111"]
[Result "0-1"]
[WhiteElo "2280"]
[BlackElo "2132"]
[TimeControl "180+1"]
[EndTime "11:02:19 PDT"]
[Termination "Uživatel Michelangelo111 zvítězil na čas"]

1. e4 c5 2. Nf3 Nc6 3. d4 cxd4 4. Nxd4 g6 5. c4 Bg7 6. Be3 Nf6 7. Nc3 O-O 8. Be2 d6 9. O-O Bd7 10. Qd2 Nxd4 11. Bxd4 Bc6 12. Bd3 Nd7 13. Bxg7 Kxg7 14. b4 b6 15. f4 Rc8 16. Rae1 Bb7 17. e5 Nb8 18. e6 fxe6 19. Rxe6 Qd7 20. Rfe1 Rce8 21.
Nd5 Bxd5 22. cxd5 Rf7 23. h4 Rf6 24. h5 a6 25. Qf2 b5 26. Qg3 Qa7+ 27. Kh2 Qd4 28.
Rxe7+ Rxe7 29. Rxe7+ Kf8 30. Re4 Qxd5 31. hxg6 Rxg6 32.
Qh3 Nc6 33. Qc8+ Kg7 34. Qd7+ Kh6 35. Qh3+ Qh5 36. Qxh5+ Kxh5 37. g3 Rf6 38. Kg2 Kg6 39. Rc4+ Kg7 40. Rxc6 Re6 41. f5 Re3 42. Rxd6 Re5 43. g4 Re3 44. Kf2 Rh3 45. g5 Rh2+ 46. Kg3 Rxa2 47. Rd7+ Kf8 48. f6 Ra3 49. Kf4 Ra1 50.
Bxh7 Rf1+ 51. Ke5 a5 52. bxa5 Re1+ 53. Be4 Rf1 54. g6 Ke8 55. Re7+ Kd8 56. a6 Ra1 0-1

[Event "Betsys MČR v online bleskovém šachu 2021"]
[Site "Chess.com"]
[Date "2021.04.17"]
[Round "12"]
[White "MatyldaCZ"]
[Black "l_pavlasek"]
[Result "0-1"]
[WhiteElo "1425"]
[BlackElo "1655"]
[TimeControl "180+1"]
[EndTime "11:02:20 PDT"]
[Termination "Uživatel l_pavlasek zvítězil na čas"]

1. e4 c5 2. Nf3 Nc6 3. d4 cxd4 4. Nxd4 d6 5. Bb5 Bd7 6. Nc3 a6 7. Bxc6 Bxc6 8. Nxc6 bxc6 9. Bg5 g6 10. O-O Bg7 11.
Qd2 Nf6 12. Rfe1 O-O 13. a3 Rb8 14. b4 Qc7 15. Rad1 c5 16. bxc5 Qxc5 17. Bxf6 Bxf6 18. Nd5 Rbc8 19. Rc1 Bc3 20. Nxc3 Qxc3 21. Qf4 Qxa3 22. e5 dxe5 23. Qxe5 e6 24. c4 Qc5 25. Qc3 a5 26. Rc2 a4 27. Rec1 Rfd8 28. h3 Rd7 29. Ra2 Ra7 30. Qc2 Rca8 31. Rb1 a3 32. Rb5 Qc6 33. Qb3 Rc8 34. c5 h6 35. Qc4 Qd5 36. Qc2 Rac7 37. Rxa3 Rxc5 38. Rxc5 Qxc5 39. Qd3 Qe5 40. Ra7 Rc1+ 41.
Qf1 Rxf1+ 42. Kxf1 Qb5+ 43. Kg1 Qb1+ 44. Kh2 Qb8+ 45.
g3 Qxa7 46. Kg2 e5 47. h4 Qb6 48. Kh3 Qc5 49. Kg2 Qd4 50. Kf3 e4+ 51. Kg2 e3 52. f3 Qd2+ 53. Kh3 e2 54. Kg4 f5+ 55. Kh3 e1=Q 56. g4 Qf1+ 57. Kg3 Qdg2+ 58. Kf4 Qc4+ 59. Ke5 Qge2+ 60. Kf6 Qd4+ 61. Kxg6 Qe6+ 62. Kh5 fxg4 0-1

[Event "Betsys MČR v online bleskovém šachu 2021"]
[Site "Chess.com"]
[Date "2021.04.17"]
[Round "12"]
[White "ritchi12"]
[Black "Maty122"]
[Result "0-1"]
[WhiteElo "1154"]
[BlackElo "1137"]
[TimeControl "180+1"]
[EndTime "11:02:21 PDT"]
[Termination "Uživatel Maty122 zvítězil na čas"]

1. e4 e5 2. Nf3 Nc6 3. Bc4 Be7 4. Nc3 Nf6 5. d4 exd4 6. Nxd4 O-O 7. Nxc6 dxc6 8.
Qxd8 Rxd8 9. O-O Bc5 10. Be3 Bb4 11. Bg5 Re8 12. Bxf6 gxf6 13. Ne2 Rxe4 14. Bd3 Re8 15. c3 Bc5 16. Nf4 Be6 17. Nh5 Be7 18. Rad1 Bg4 19. Nxf6+ Bxf6 20. Rde1 b5 21. f3 Bh5 22. g4 Bg6 23.
Kg2 Bxd3 24. Rh1 Bh4 25. Rd1 Re2+ 26. Kh3 Bc2 27. Rd7 Bd8 28. Rd4 Rf2 29. Rf4 Bg5 30.
Rd4 Rxf3+ 31. Kg2 Be4 32. Rxe4 Rd3 33. h3 Rd2+ 34. Kf3 Rxb2 35. a4 Rb3 36. axb5 Rxc3+ 37. Ke2 cxb5 38. Rb4 Rc5 39. Kd3 Bf4 40. Rxf4 a5 41.
Ra1 a4 42. Rb4 c6 43. Kd4 Rd8+ 44. Kxc5 Rc8 45. Ra3 Kg7 46. h4 Kf6 47. Re4 h6 48. g5+ hxg5 49. hxg5+ Kxg5 50. Kb4 f5 51. Re5 Kf4 52.
Re7 Kg4 53. Kc5 f4 54. Rf7 Kg5 55. Kd4 c5+ 56. Ke4 c4 57. Rxf4 Re8+ 58. Kf3 Rd8 59. Rg4+ Kf5 60. Rf4+ Ke5 61. Re4+ Kf5 62. Rf4+ Kg6 63.
Rg4+ Kh5 0-1

[Event "Betsys MČR v online bleskovém šachu 2021"]
[Site "Chess.com"]
[Date "2021.04.17"]
[Round "12"]
[White "DrStillestein"]
[Black "vozmenmarcel"]
[Result "1-0"]
[WhiteElo "2099"]
[BlackElo "1869"]
[TimeControl "180+1"]
[EndTime "11:02:27 PDT"]
[Termination "Uživatel DrStillestein zvítězil matem"]

1. e4 c5 2. Nf3 g6 3. c3 Bg7 4.
d4 cxd4 5. cxd4 d5 6. e5 Nc6 7. Bb5 Bd7 8. Nc3 e6 9. O-O Nge7 10. Bg5 a6 11. Ba4 b5 12. Bc2 O-O 13. a3 Qb6 14. Qd2 Rfe8 15. Rad1 Na5 16. Qe2 Nc4 17. Nd2 Nxb2 18.
Rb1 Nc4 19. Nxc4 dxc4 20. Qxc4 Rac8 21. Qd3 Bc6 22. Bxe7 Rxe7 23. Ne4 Bxe4 24. Qxe4 Rd7 25. Rfd1 Rc4 26. Rb4 Rxb4 27. axb4 Bf8 28. Bb3 Bxb4 29.
d5 a5 30. d6 Kf8 31. Qh4 h5 32. Qf4 Kg8 33. h4 Qd8 34. Rc1 Kg7 35. g3 Ba3 36.
Rc2 a4 37. Ba2 b4 38. Rc4 b3 39. Bb1 Qb6 40. Rxa4 Qc5 41. Rc4 Qd5 42. Rd4 Qc5 43. Qe3 Qc1+ 44. Qxc1 Bxc1 45. Rb4 b2 46. Rc4 f6 47.
Rc7 fxe5 48. Rxd7+ Kf6 49. Rc7 e4 50. Bxe4 Ke5 51.
Bxg6 Kxd6 52. Rb7 Kc6 53. Rb3 Kc5 54. Bxh5 Kc4 55. Rb8 Kc3 56. Bg6 e5 57. Be4 Kd4 58. f3 Be3+ 59. Kf1 Kc3 60. Ke2 Bd4 61. h5 Ba7 62. Rb7 Bc5 63. Rc7 Kd4 64. Rxc5 Kxc5 65. h6 Kd6 66. h7 b1=Q 67. Bxb1 Ke7 68. h8=Q e4 69. Qe5+ Kd7 70. Qxe4 Kd6 71. Qf5 Kc6 72. Ke3 Kb6 73. Kd4 Ka6 74. Kc4 Kb6 75. Qc5+ Kb7 76. Qd6 Ka7 77. Kb5 Ka8 78. Be4+ Ka7 79. Qb6# 1-0

[Event "Betsys MČR v online bleskovém šachu 2021"]
[Site "Chess.com"]
[Date "2021.04.17"]
[Round "12"]
[White "YoungMegaMind"]
[Black "ffbp3q"]
[Result "1-0"]
[WhiteElo "2261"]
[BlackElo "2350"]
[TimeControl "180+1"]
[EndTime "11:02:29 PDT"]
[Termination "Uživatel YoungMegaMind zvítězil po vzdání soupeře"]

1. Nf3 d5 2. e3 Nf6 3. b3 Bg4 4. Bb2 Nbd7 5. h3 Bh5 6. d3 e6 7. Nbd2 Bd6 8. g4 Bg6 9. Bg2 c6 10. Qe2 e5 11. e4 O-O 12. h4 h5 13. g5 Ng4 14. Bh3 f5 15. gxf6 Ndxf6 16. Ng5 Qe7 17.
f3 Nh6 18. Rg1 Bc5 19. Rg2 Bf7 20. O-O-O a5 21. exd5 Nxd5 22. Qxe5 Qxe5 23. Bxe5 Ne3 24. Rdg1 Nxg2 25. Rxg2 g6 26. Nxf7 Kxf7 27. d4 Ba3+ 28. Kd1 Rg8 29. Ne4 Nf5 30. Ng5+ Ke7 31. Re2 Kd7 32. Ne4 Be7 33. Ng3 Rgf8 34. Nxf5 gxf5 35. Rg2 Rf7 36. Rg6 Bxh4 37. Rh6 Re8 38. Rxh5 Bf6 39.
Rxf5 Ref8 40. Rxf6+ Ke8 41. Re6+ Re7 42. Rxe7+ Kxe7 43. Bg4 Rg8 44. Ke2 Ra8 45. a4 b5 46. Kd3 bxa4 47.
bxa4 Ra7 48. c3 Rb7 49. Kc4 Rb1 50. Kc5 Ra1 51. Kxc6 Rxa4 52. Kb5 Ra1 53. c4 a4 54. Kc5 a3 55. Bd6+ Kf6 56. Be5+ Kf7 57. d5 Re1 58. Be6+ Ke7 59. Bc3 a2 60. Kb4 a1=Q 61. Bxa1 Rxa1 62. f4 Rf1 63. f5 Kd6 64. c5+ Ke5 65. d6 Rb1+ 66.
Ka5 Rc1 67. Kb6 Kf6 68. Kc6 Ke5 69. d7 Rd1 70. Kc7 Kf6 71. d8=Q+ 1-0

[Event "Betsys MČR v online bleskovém šachu 2021"]
[Site "Chess.com"]
[Date "2021.04.17"]
[Round "12"]
[White "David_Mic"]
[Black "Stalri"]
[Result "0-1"]
[WhiteElo "2012"]
[BlackElo "2205"]
[TimeControl "180+1"]
[EndTime "11:02:29 PDT"]
[Termination "Uživatel Stalri zvítězil na čas"]

1. e4 c5 2. Nf3 e6 3. d3 d5 4. Nbd2 Nc6 5. g3 Bd6 6. Bg2 Nge7 7. O-O O-O 8. Re1 Qc7 9. Qe2 f6 10. Nf1 d4 11. h4 e5 12. Bd2 Be6 13. a3 b5 14.
N3h2 c4 15. Bf3 Rab8 16. Bg4 Bf7 17. Rec1 a5 18. Qe1 Qb6 19. Kg2 b4 20. axb4 axb4 21. dxc4 Bxc4 22. Be2 Be6 23. b3 Ra8 24. Bd3 Na7 25.
Ra6 Qc5 26. Rca1 Nec6 27. Nf3 Be7 28. Qe2 Kh8 29. R6a2 Qb6 30. Ra6 Qb7 31. R6a4 Bd7 32. Qe1 Nd8 33. R4a2 Ne6 34. Ba6 Qb6 35. Qe2 Bc6 36.
Bd3 Nc5 37. Ra5 Qb7 38. Bxb4 Qxb4 39. Rxa7 f5 40. Rxa8 Rxa8 41. Rxa8+ Bxa8 42. Nxe5 fxe4 43. Bc4 h6 44. Nf7+ Kh7 45. Qh5 e3+ 46. f3 Qb7 47. Nxh6 Qxf3+ 48. Qxf3 Bxf3+ 49. Kxf3 Kxh6 50. b4 Nd7 51. b5 Bc5 52. Bd3 Ne5+ 53. Ke4 Ng4 54. Kf3 Ne5+ 55.
Ke4 Ng4 56. Kf3 Nf6 57. Nh2 Nd5 58. Ng4+ Kh5 59. Ne5 Nc3 60. Nc4 g5 61. Nxe3 dxe3 62. hxg5 Kxg5 63. g4 Nd5 64. Ke2 Nf6 65. Bc4 Nxg4 66.
c3 Ne5 67. Bd3 Kf4 68. Bc2 Ng4 0-1

[Event "Betsys MČR v online bleskovém šachu 2021"]
[Site "Chess.com"]
[Date "2021.04.17"]
[Round "12"]
[White "DavidekIII"]
[Black "Tolja1"]
[Result "0-1"]
[WhiteElo "2185"]
[BlackElo "2052"]
[TimeControl "180+1"]
[EndTime "11:02:29 PDT"]
[Termination "Uživatel Tolja1 zvítězil na čas"]

1. d4 e6 2. c4 f5 3. Nc3 Nf6 4. Nf3 Bb4 5. Bf4 b6 6. e3 Bb7 7. Be2 O-O 8. O-O Bxc3 9. bxc3 d6 10. Nd2 Nbd7 11. Bf3 Bxf3 12. Qxf3 Qe7 13. a4 a5 14.
h3 e5 15. Bh2 g6 16. Rab1 Qe6 17. Rb5 e4 18. Qe2 Rac8 19. Rd1 Rf7 20. Nf1 Kg7 21. Kh1 h6 22. Nd2 g5 23. Re1 Kg6 24. f3 exf3 25. Qxf3 Ne4 26. Nxe4 fxe4 27. Qe2 Rcf8 28. Bg3 Nf6 29.
Rbb1 Nh5 30. Kh2 Nxg3 31. Kxg3 Rf2 32. Qxf2 Rxf2 33. Kxf2 Qxc4 34. Rbc1 Qxa4 35. Re2 Qc4 36. Rd2 d5 37. Kg1 a4 38. Kf2 b5 39. Rcc2 c6 40. Ke1 Qb3 41. Ke2 Qb1 42. Kf2 h5 43. Re2 a3 44.
Ra2 Qb3 45. Rec2 Kf5 46. Ke2 h4 47. Kd2 g4 48. Ra1 g3 49. Rca2 b4 50. cxb4 Qd3+ 51. Kc1 Qxe3+ 52. Kc2 Qd3+ 53. Kc1 Qc3+ 54. Kd1 Qxd4+ 55.
Ke2 Qd3+ 56. Ke1 Qc3+ 57. Ke2 Qxb4 58. Rxa3 Qc4+ 59. Ke1 d4 60. Ra5+ c5 61. Ra8 Qc3+ 62. Kd1 e3 63. Rf8+ Ke4 64. Re8+ Kd3 0-1

[Event "Betsys MČR v online bleskovém šachu 2021"]
[Site "Chess.com"]
[Date "2021.04.17"]
[Round "12"]
[White "czechfant94"]
[Black "Koli05"]
[Result "0-1"]
[WhiteElo "1599"]
[BlackElo "1818"]
[TimeControl "180+1"]
[EndTime "11:02:31 PDT"]
[Termination "Uživatel Koli05 zvítězil matem"]

1. e4 c5 2. Nf3 d6 3. d4 cxd4 4.
Nxd4 Nf6 5. Nc3 Nc6 6. Be3 Ng4 7. Qd2 Nxe3 8. Qxe3 Qb6 9. O-O-O Bg4 10. f3 Bd7 11.
Qd3 Nb4 12. Qc4 Rc8 13. Qb3 a5 14. a3 e5 15. Nde2 Qe3+ 16. Kb1 Na6 17. Qxb7 Nc5 18.
Qb6 Be7 19. Rd3 Qf2 20. Rd1 O-O 21. Ng3 Rb8 22. Qxa5 Ra8 23. Qb4 Rfb8 24. Qc4 Rxa3 25. Qe2 Qxe2 26. Bxe2 Rxc3 27. b3 Re3 28. Bc4 Be6 29. Nf1 Rc3 30. Kb2 Rxc4 31. Ra1 Rcb4 32.
Nd2 R4b7 33. Ra5 g6 34. Rha1 Kg7 35. Kc3 Bg5 36. g3 Bxd2+ 37. Kxd2 Rb5 38. Ra7 Bxb3 39. Kc3 Be6 40. Re7 Kf6 41. Raa7 Nxe4+ 42. fxe4 Rc5+ 43. Kd3 Rb4 44. h4 Rd4+ 45. Ke3 Rc3+ 46. Ke2 Rxc2+ 47.
Ke1 Rxe4+ 48. Kf1 Rd4 49. Ke1 Rb4 50. Kd1 Rg2 51. Kc1 Re4 52. Kd1 Rxg3 53. Rxf7+ Bxf7 54.
Rc7 Be6 55. Rc2 Rd4+ 56. Ke1 Re3+ 57. Kf1 Bh3+ 58. Kg1 Re1+ 59. Kf2 Ree4 60. Kg1 Rf4 61. Kh2 Bg4 62. Kg2 Rd1 63. Kg3 Rdf1 64. Rg2 R1f3+ 65.
Kh2 Rh3+ 66. Kg1 Rb4 67. Rxg4 Ke6 68. Kg2 Rd3 69. Kf2 Rb2+ 70. Ke1 Ra3 71. Rc4 Ra1+ 72. Rc1 Rxc1# 0-1

[Event "Betsys MČR v online bleskovém šachu 2021"]
[Site "Chess.com"]
[Date "2021.04.17"]
[Round "12"]
[White "JakubPulpan"]
[Black "MartinHollan"]
[Result "1-0"]
[WhiteElo "2720"]
[BlackElo "2616"]
[TimeControl "180+1"]
[EndTime "11:02:39 PDT"]
[Termination "Uživatel JakubPulpan zvítězil na čas"]

1. Nf3 d5 2. b3 Bg4 3. e3 e6 4. Bb2 Nf6 5. Be2 Be7 6. O-O O-O 7. d4 Nbd7 8. Nbd2 c5 9. h3 Bh5 10. c4 cxd4 11. Nxd4 Bxe2 12. Qxe2 Nb6 13. Rfd1 Rc8 14. N2f3 a6 15. cxd5 Qxd5 16. Rac1 Ne4 17. Nd2 Nxd2 18. Qxd2 a5 19. Bc3 Ba3 20. Rc2 Ra8 21. Qe2 Qg5 22.
Nf3 Qh5 23. Bd4 Nd5 24. Qb5 Qg6 25. Re2 Rad8 26. Rf1 b6 27. Qa4 Bb4 28. a3 Bc3 29. Qc4 Bxd4 30. Nxd4 Rc8 31. Qa6 Rc3 32. Ree1 h5 33.
b4 axb4 34. axb4 Nxb4 35. Qxb6 Nd5 36. Qd6 Rfc8 37. Rb1 Nf6 38. Rb8 Kh7 39. Rxc8 Rxc8 40. Qf4 Rd8 41. Nf3 Rd5 42. Re1 Rf5 43. Nh4 Rxf4 44.
Nxg6 Rc4 45. Ne5 Rc5 46. Nxf7 Rd5 47. e4 Rd4 48. Ng5+ Kg6 49. h4 e5 50. f3 Rd2 51.
Rb1 Rc2 52. Rb5 Nd7 53. Rb6+ Nf6 54. Re6 Rc5 55. Rd6 Ra5 56. Kh2 Rc5 57. Ne6 Ra5 58. Rc6 Kf7 59. Ng5+ Kg6 60. Kg3 Rb5 61. Rc7 Rb6 62. Re7 Rb5 63. Ne6 Rb6 64. Nf8+ Kh6 65. Rxe5 1-0

[Event "Betsys MČR v online bleskovém šachu 2021"]
[Site "Chess.com"]
[Date "2021.04.17"]
[Round "12"]
[White "SayQueen"]
[Black "Dvacetsekund"]
[Result "0-1"]
[WhiteElo "2020"]
[BlackElo "2204"]
[TimeControl "180+1"]
[EndTime "11:02:45 PDT"]
[Termination "Uživatel Dvacetsekund zvítězil na čas"]

1. e4 c5 2. c3 d5 3. exd5 Qxd5 4.
d4 Nf6 5. Nf3 Bg4 6. Be2 e6 7.
O-O cxd4 8. cxd4 Bd6 9. Nc3 Qa5 10. Qb3 Qb4 11. Nb5 Qxb3 12. Nxd6+ Ke7 13. axb3 Kxd6 14. Bf4+ Ke7 15. h3 Bh5 16. b4 Nd5 17. Bd2 Nd7 18. b5 Rhc8 19. Rfc1 N7b6 20. Rxc8 Nxc8 21. g4 Bg6 22. Ne5 Ncb6 23. f4 f6 24. Nxg6+ hxg6 25. Bd3 Kf7 26. Kf2 Nc8 27. b3 Ncb6 28. Bc4 Ke7 29. Re1 Kd6 30. Bd3 f5 31. gxf5 gxf5 32. Rg1 Rg8 33. Rg6 Ke7 34. Bc4 Kf7 35. Rg1 Rh8 36.
Kg3 Rc8 37. Bd3 Rd8 38. Ra1 Nc8 39. Bc4 Nf6 40. Be3 Ne4+ 41. Kf3 Rd7 42. h4 b6 43. h5 Ne7 44. Rg1 Nd5 45. Rg6 Ndf6 46. Rg1 Rd8 47. Ra1 Rd7 48. Bd3 Nd6 49. Rc1 Nxh5 50. Rh1 Nf6 51.
Rh8 Nde4 52. Rc8 Re7 53. Rc6 Nd5 54. Bc4 Rd7 55. Rc8 Nd6 56. Rc6 Nxc4 57. bxc4 Nxe3 58. Kxe3 Kf6 59. Rc8 g5 60. Rf8+ Kg7 61. Re8 g4 62. Rxe6 Kf7 63. Rh6 Re7+ 64. Kf2 Re4 65. Rh7+ Kg6 66.
Rd7 Rxf4+ 67. Kg2 Kg5 68. d5 Rd4 69. Rg7+ Kf4 70. Rxa7 Rd2+ 71. Kg1 Kg3 72. Ra3+ Kh4 73. Re3 f4 0-1

[Event "Betsys MČR v online bleskovém šachu 2021"]
[Site "Chess.com"]
[Date "2021.04.17"]
[Round "12"]
[White "Dejfos"]
[Black "JuliliaR"]
[Result "1-0"]
[WhiteElo "1768"]
[BlackElo "1483"]
[TimeControl "180+1"]
[EndTime "11:02:46 PDT"]
[Termination "Uživatel Dejfos zvítězil na čas"]

1. e4 d5 2. exd5 Qxd5 3. Nc3 Qd6 4.
d4 c6 5. Nf3 Nf6 6. Bc4 Bg4 7.
O-O e6 8. h3 Bh5 9. Bg5 Nbd7 10. Be2 Qc7 11. Qd2 Bd6 12. Rfe1 O-O 13. Bxf6 Nxf6 14.
Ne5 Bxe2 15. Qxe2 Nd5 16. Nxd5 cxd5 17. c3 Rab8 18. Qh5 b5 19. Re3 f6 20. Ng4 Qf7 21.
Qxf7+ Kxf7 22. Nh2 b4 23. Nf3 bxc3 24. bxc3 Rfc8 25.
Nd2 Rb2 26. Nb3 Rc2 27. Rae1 e5 28. dxe5 fxe5 29. Rd1 Ke6 30. Nd4+ Kf6 31. Nxc2 d4 32. Nxd4 exd4 33. cxd4 Rc2 34. d5 Kf7 35. Re6 Bc5 36.
Rf1 Rd2 37. Rc6 Rxd5 38. Rc1 Bb6 39. R6c3 Rd2 40. Rf3+ Ke6 41. a3 Re2 42. Rc4 Kd5 43.
Rcf4 Re1+ 44. Kh2 Bc7 45. Kg3 Bxf4+ 46. Kxf4 Rc1 47. Rd3+ Kc4 48. Rd8 Ra1 49. Rc8+ Kb3 50. Rg8 Kxa3 51. Rxg7 Kb2 52. Rxh7 a5 53. Ra7 a4 54. g4 a3 55. g5 a2 56. h4 Rc1 57.
Rxa2+ Kxa2 58. g6 Rc4+ 59. Kg5 Rc8 60. h5 Kb3 61. h6 Kc4 62. g7 Rc5+ 63. Kf6 Rc6+ 64.
Kf7 Rc5 65. g8=Q Rf5+ 66. Ke7+ Kd3 67. Qg4 Re5+ 68. Kf7 Ra5 69. Qg6+ 1-0

[Event "Betsys MČR v online bleskovém šachu 2021"]
[Site "Chess.com"]
[Date "2021.04.17"]
[Round "12"]
[White "masodj"]
[Black "Pokemonchess"]
[Result "0-1"]
[WhiteElo "1728"]
[BlackElo "1957"]
[TimeControl "180+1"]
[EndTime "11:02:57 PDT"]
[Termination "Uživatel Pokemonchess zvítězil po vzdání soupeře"]

1. e4 c5 2. d4 cxd4 3. c3 d3 4. Bxd3 g6 5. c4 Bg7 6. Nc3 Nc6 7. Nf3 d6 8. Bd2 Nf6 9. O-O Bg4 10. h3 Bxf3 11. Qxf3 Ne5 12. Qe2 Nxd3 13. Qxd3 O-O 14. f3 Nd7 15. b3 Nc5 16. Qe2 a5 17. Rac1 Qd7 18. Be3 Ne6 19. Nd5 Ra6 20. Rfd1 Rc6 21. Qd2 Re8 22. Bh6 Nc7 23. Bxg7 Kxg7 24. Qd4+ Kg8 25.
Ne3 Ne6 26. Qb2 Qd8 27. Ng4 Qb6+ 28. Kh1 f6 29. Qe2 Rc5 30. Ne3 Rh5 31. Kh2 Nf4 32. Qe1 Qc5 33. Nd5 Ne6 34. Qe3 Qc8 35. Nf4 Nxf4 36.
Qxf4 Qc5 37. Rd5 Rxd5 38. cxd5 Qa3 39. Rc7 b5 40. Qg4 Qb2 41. Qe6+ Kf8 42. Rc8 a4 43. Rxe8+ Kxe8 44. bxa4 bxa4 45. Qc8+ Kf7 46. Qe6+ Kf8 47. Qc8+ Kg7 48. Qe6 Qe5+ 49. Qxe5 dxe5 50. Kg1 Kf7 51. Kf1 e6 52. Ke2 Ke7 53. dxe6 Kxe6 54. Kd3 f5 55. Kc4 Kf6 56. Kb4 Kg5 57. Kxa4 fxe4 58. fxe4 Kf4 59. Kb5 Kxe4 60. a4 Kd3 61. a5 e4 62. a6 e3 63. a7 e2 64. a8=Q e1=Q 65.
Qd8+ Ke2 66. Qe8+ Kf1 67. Qf8+ Qf2 68. Qd6 Kxg2 69. Qd5+ Qf3 70. Qd2+ Kg3 71. Qd6+ Kxh3 72. Qe6+ Qg4 73. Qe3+ Kh4 74. Qf2+ Kh5 75. Qh2+ Kg5 76. Qd2+ Kf6 77. Qd6+ Kg7 78. Qe7+ Kh6 79. Qf8+ Kh5 80.
Qc5+ Qg5 81. Qxg5+ Kxg5 0-1

[Event "Betsys MČR v online bleskovém šachu 2021"]
[Site "Chess.com"]
[Date "2021.04.17"]
[Round "12"]
[White "elftom"]
[Black "Ehlundi"]
[Result "1-0"]
[WhiteElo "1969"]
[BlackElo "1755"]
[TimeControl "180+1"]
[EndTime "11:03:12 PDT"]
[Termination "Uživatel elftom zvítězil na čas"]

1. c4 e5 2. Nc3 Nf6 3. g3 Bc5 4. Bg2 O-O 5. e3 Nc6 6. Nf3 d6 7. O-O Bg4 8. h3 Bh5 9. g4 Bg6 10. d4 exd4 11. exd4 Bb4 12. Bg5 h6 13. Bxf6 Qxf6 14.
Nd5 Qd8 15. a3 Ba5 16. b4 Bb6 17. c5 dxc5 18. dxc5 Ne7 19. Nxe7+ Qxe7 20. cxb6 cxb6 21. Qb3 h5 22. Rfe1 Qf6 23. g5 Qf4 24. Qe3 Qf5 25.
Nh4 Qc2 26. Rac1 Qd3 27. Qxd3 Bxd3 28. Rc7 Rac8 29. Ree7 Rxc7 30. Rxc7 Re8 31. Bd5 Re1+ 32. Kg2 Be4+ 33. Bxe4 Rxe4 34. Nf3 a5 35. bxa5 bxa5 36. Rxb7 Ra4 37. Rb3 f6 38. gxf6 gxf6 39. Kg3 Kg7 40. Nh4 Kh6 41. f4 Rd4 42. Kf3 Rc4 43. Nf5+ Kg6 44. Ne3 Rd4 45. Rc3 Ra4 46. h4 Rd4 47. f5+ Kh6 48. Kg3 Re4 49. Nd5 Re5 50. Nxf6 Rxf5 51.
Rc6 Kg7 52. Ne4 Re5 53. Kf4 Rb5 54. Rc5 Rb3 55. Rxa5 Kh6 56. a4 Rb1 57. Ra6+ Kg7 58. a5 Ra1 59. Kg5 Ra4 60. Nf6 Rd4 61. Ra7+ Kf8 62. Nxh5 Rd5+ 63. Kg6 Rd6+ 64. Nf6 Rc6 65.
h5 Rc1 66. h6 Rg1+ 67. Kf5 Rf1+ 68. Ke5 Re1+ 69. Ne4 Kg8 70. h7+ Kh8 71. Ra8+ Kxh7 72.
a6 Ra1 73. a7 Kg7 74. Kd6 Rd1+ 75. Kc6 Rc1+ 76. Nc5 Ra1 77. Kb7 Rb1+ 78. Kc6 Ra1 79. Nd7 Rc1+ 80. Kb7 Rb1+ 81. Nb6 Ra1 82. Rc8 1-0